 Dungeon Crawl Stone Soup version 0.18-a0-1292-ge8ad84c (console) character file.

224 Vesto the Skirmisher (level 5, -2/42 HPs)
             Began as a Demonspawn Fighter on Feb 9, 2016.
             Slain by a sky beast (5 damage)
             ... on level 6 of the Dungeon.
             The game lasted 00:03:52 (1508 turns).

Vesto the Skirmisher (Demonspawn Fighter)           Turns: 1508, Time: 00:03:52

Health: -2/42      AC: 12    Str: 17    XL:     5   Next: 67%
Magic:  6/6        EV:  3    Int:  9    God:
Gold:   74         SH:  9    Dex: 13    Spells: 0 memorised, 6 levels left

rFire  . . .     SeeInvis .     a - +1 war axe
rCold  . . .     Gourm    .     m - +0 plate armour
rNeg   + . .     Faith    .     c - +0 shield
rPois  .         Spirit   .     (helmet restricted)
rElec  .         Dismiss  .     l - +0 cloak
rCorr  .         Reflect  .     (no gloves)
SustAt .         Harm     .     (no boots)
MR     .....                    (no amulet)
Stlth  ..........               (no ring)
                                i - ring of positive energy

@: very slightly contaminated, not resistant to hostile enchantments, extremely
unstealthy
A: horns 2, powered by death 1
a: no special abilities


You were on level 6 of the Dungeon.
You were not hungry.

You visited 1 branch of the dungeon, and saw 6 of its levels.

You collected 74 gold pieces.

Inventory:

Hand Weapons
 a - a +1 war axe (weapon)
Armour
 c - a +0 shield (worn)
 e - a +0 buckler
 l - a +0 cloak (worn)
 m - a +0 plate armour (worn)
Jewellery
 i - a ring of positive energy (left hand)
Scrolls
 h - a scroll of blinking
Potions
 b - a potion of agility {unknown}
 d - a potion of might
 j - a potion of curing {unknown}
 o - a potion of lignification {unknown}
 r - a potion of flight {unknown}
Comestibles
 f - 3 bread rations
 n - a meat ration
 p - 3 chunks of flesh


   Skills:
 * Level 3.9 Fighting
 * Level 2.6 Axes
 + Level 3.3 Armour
 + Level 1.0 Dodging
 + Level 1.6 Stealth
 * Level 3.5 Shields
 + Level 1.1 Spellcasting


You had 6 spell levels left.
You didn't know any spells.

Dungeon Overview and Level Annotations

Branches:
Dungeon (6/15)
 Temple: D:4-7

Altars:
Nemelex Xobeh


Innate Abilities, Weirdness & Mutations

You have a pair of horns on your head.
You regenerate a little health from kills.


Message History

You closely miss the sky beast. Your headbutt misses the sky beast.
The sky beast is moderately wounded.
You block the sky beast's attack. The sky beast hits you.
The sky beast shocks you.
You hit the sky beast. You headbutt the sky beast!
The sky beast is almost dead.
The sky beast hits you but does no damage.
You miss the sky beast.
The sky beast is almost dead.
The sky beast hits you but does no damage.
You closely miss the sky beast. Your headbutt misses the sky beast.
The sky beast is almost dead.
The sky beast hits you.
* * * LOW HITPOINT WARNING * * *
The sky beast shocks you.
* * * LOW HITPOINT WARNING * * *
The sky beast hits you.
* * * LOW HITPOINT WARNING * * *
The sky beast shocks you.
You die...

######### #....$..#
#.......######
#.......##...#
#.......##Y..#
...##.........@..#
............##......#
...##.......#...#...#
#...............#
#####....#####.##
#...## # #...# ....#
#.#


You could see a sky beast.

Vanquished Creatures
  A centaur (D:5)
  An orc priest (D:3)
  An orc wizard (D:3)
  4 adders
  An adder zombie (D:3)
  A worm (D:3)
  2 orcs (D:3)
  3 bats
  4 giant cockroaches
  2 goblins
  6 hobgoblins
  3 jackals (D:3)
  A quokka (D:3)
  A giant newt (D:1)
  9 kobolds
  6 rats
46 creatures vanquished.

Notes
Turn   | Place    | Note
--------------------------------------------------------------
     0 | D:1      | Vesto the Demonspawn Fighter began the quest for the Orb.
     0 | D:1      | Reached XP level 1. HP: 18/18 MP: 1/1
   106 | D:1      | Gained mutation: You have a pair of small horns on your head. [demonic ancestry]
   106 | D:1      | Reached XP level 2. HP: 20/24 MP: 2/2
   513 | D:2      | Reached XP level 3. HP: 25/29 MP: 3/3
   771 | D:2      | Found a sparkling altar of Nemelex Xobeh.
   967 | D:3      | Gained mutation: You have a pair of horns on your head. [demonic ancestry]
   967 | D:3      | Reached XP level 4. HP: 18/35 MP: 3/5
   970 | D:3      | Reached skill level 1 in Stealth
   992 | D:3      | Reached skill level 1 in Spellcasting
   995 | D:3      | Gained mutation: You regenerate a little health from kills. [demonic ancestry]
   995 | D:3      | Reached XP level 5. HP: 9/42 MP: 6/6
  1325 | D:5      | Entered Level 5 of the Dungeon
  1327 | D:5      | Noticed a centaur
  1334 | D:5      | Killed a centaur
  1334 | D:5      | Reached skill level 1 in Dodging
  1497 | D:6      | Noticed a sky beast
  1508 | D:6      | Slain by a sky beast

Vault maps used:
D:1:      dpeg_arrival_round_b
D:2:      eino_tiny_chamber, nemelex_spade_bored_becter
D:3:      first_bread
D:4:      uniq_natasha
D:5:      kennysheep_steamy, uniq_crazy_yiuf_cottage, uniq_menkaure
D:6:      enter_ossuary_4

Action                   |  1- 3 |  4- 6 || total
-------------------------+-------+-------++-------
Melee: War axe           |    61 |    35 ||    96
  Use: Potion            |     1 |       ||     1
       Scroll            |       |     4 ||     4
  Eat: Chunk             |       |     2 ||     2
